 Dungeon Crawl Stone Soup version 0.28-a0-653-g7e9dba17c3 (webtiles) character file.

Game seed: 12540228092786606199

18 SkeletonJelly the Slasher (level 2, 0/26 HPs)
             Began as a Draconian Monk on Oct 11, 2021.
             Frozen to death by an endoplasm (5 damage)
             ... on level 1 of the Dungeon.
             The game lasted 00:01:27 (580 turns).

SkeletonJelly the Slasher (Draconian Monk)           Turns: 580, Time: 00:01:27

Health: 0/26       AC:  4    Str: 13    XL:     2   Next: 51%
Magic:  2/2        EV: 12    Int: 10    God:
Gold:   0          SH:  0    Dex: 13    Spells: 1/1 levels left

rFire   . . .      SeeInvis .   a - +0 falchion
rCold   . . .      Faith    .   (no shield)
rNeg    . . .      Spirit   .   (armour unavailable)
rPois   .          Reflect  .   (helmet restricted)
rElec   .          Harm     .   (no cloak)
rCorr   .          Rampage  .   (no gloves)
Will    .....                   (no boots)
Stlth   ++........              e - amulet of the acrobat
HPRegen 0.08/turn               (no ring)
MPRegen 0.08/turn               (no ring)

@: slowed, very slow
A: AC +4, unfitting armour, cold-blooded
a: no special abilities


You were on level 1 of the Dungeon.
You visited 1 branch of the dungeon, and saw 1 of its levels.

Inventory:

Hand Weapons
 a - a +0 falchion (weapon)
Missiles
 b - 3 boomerangs (quivered)
Jewellery
 e - an amulet of the acrobat (around neck)
Scrolls
 c - a scroll of teleportation {unknown}
 d - a scroll of magic mapping {unknown}


   Skills:
 - Level 3.2 Fighting
 * Level 3.6 Long Blades
 - Level 3.0 Dodging
 - Level 1.7 Stealth


You had one spell level left.
You didn't know any spells.
Your spell library was empty.

Dungeon Overview and Level Annotations

Branches:
Dungeon (1/15)

Altars:


Innate Abilities, Weirdness & Mutations

Your plain brown scales are hard. (AC +4)
You cannot fit into any form of body armour.
You are cold-blooded and may be slowed by cold attacks.


Message History

You throw a boomerang. The boomerang hits the rat.
You kill the rat!
You throw a boomerang.
The boomerang hits the rat but does no damage.
A rat comes into view.
Found a robe.
The rat twitches its whiskers.
An endoplasm comes into view.
The endoplasm quivers.
You closely miss the rat. The rat closely misses you.
You closely miss the rat. The rat closely misses you.
The rat barely misses you. The rat closely misses you.
You hit the rat. You tail-slap the rat.
You kill the rat!
The rat misses you.
You hit the rat.
You kill the rat!
The endoplasm misses you.
You hit the endoplasm.
The endoplasm is moderately wounded.
The endoplasm freezes you.
You are frozen.
You feel yourself slow down.
You take 3 damage, and have 23/26 hp.
You hit the endoplasm.
You kill the endoplasm!
Training target 3.0 for Dodging reached!
Your Dodging skill increases to level 3!
No target in view!
No target in view!
No target in view!
No target in view!
You feel yourself speed up.
A goblin comes into view. It is wielding a +0 dagger.
You see here a rat corpse.
Health restored: 26 A goblin is nearby!
A goblin is nearby!
A goblin is nearby!
A goblin is nearby!
A goblin is nearby!
A goblin is nearby!
The goblin shouts!
A bat comes into view.
An endoplasm comes into view.
You see here a rat corpse.
The bat misses you.
You barely miss the goblin. The bat hits you but does no damage. x2
The goblin hits you with a +0 dagger.
You take 2 damage, and have 24/26 hp.
You hit the goblin.
The goblin is moderately wounded.
The bat hits you but does no damage. The goblin barely misses you.
You barely miss the goblin.
The goblin is moderately wounded.
The bat hits you. x2; The goblin hits you but does no damage.
The bat barely misses you. The goblin misses you.
You take 2 damage, and have 22/26 hp.
You barely miss the goblin.
The goblin is moderately wounded.
The bat misses you. The endoplasm closely misses you.
The goblin hits you but does no damage.
You hit the goblin.
The goblin is severely wounded.
The endoplasm hits you. The bat barely misses you.
The goblin hits you with a +0 dagger.
You take 4 damage, and have 18/26 hp.
You hit the goblin.
You kill the goblin!
The bat hits you but does no damage. The endoplasm freezes you.
You are frozen.
You feel yourself slow down. The bat hits you but does no damage.
The endoplasm freezes you.
You are frozen.
You take 7 damage, and have 11/26 hp.
MASSIVE DAMAGE!!
You are too injured to fight recklessly!
You are too injured to fight recklessly!
You are too injured to fight recklessly!
You are too injured to fight recklessly!
The bat completely misses you.
You see here a rat corpse.
You hit the endoplasm but do no damage. You tail-slap the endoplasm.
The endoplasm is severely wounded.
The bat hits you but does no damage. The endoplasm hits you.
The endoplasm freezes you.
You are frozen.
* * * LOW HITPOINT WARNING * * *
You feel as though you will be slow longer.
You take 5 damage, and have 7/26 hp.
You hit the endoplasm but do no damage.
You tail-slap the endoplasm, but do no damage.
The endoplasm is severely wounded.
The bat barely misses you. The endoplasm freezes you.
You are frozen.
* * * LOW HITPOINT WARNING * * *
You feel as though you will be slow longer.
The endoplasm freezes you.
You are frozen.
You die...

# .... #...#...#..#. ..
....####......#...#.
... #.....#........#.
....###................
..........####....#####
........†.# ######
.##.##..## #.#..##
#$@.# ##J.# #)b.#
#.#..# #.##.. . ..#. ##
..#.# .# # .#


You could see an endoplasm and a bat.

Vanquished Creatures
  2 bats (D:1)
  5 endoplasms (D:1)
  A giant cockroach (D:1)
  3 goblins (D:1)
  A quokka (D:1)
  A frilled lizard (D:1)
  3 rats (D:1)
16 creatures vanquished.

Notes
Turn   | Place    | Note
-------+----------+-------------------------------------------
     0 | D:1      | SkeletonJelly the Draconian Monk began the quest for the
                  | Orb.
     0 | D:1      | Reached XP level 1. HP: 19/19 MP: 1/1
   199 | D:1      | Reached XP level 2. HP: 22/26 MP: 2/2
   580 | D:1      | Frozen to death by an endoplasm

Illustrated notes

Levels and vault maps discovered:
D:1:      minmay_arrival_radiant_lines, layout_basic,
          ebering_ecumenical_altar_mist, columned_hall_lemuel, minmay_tall_x

Skill      XL: |  1  2 |
---------------+-------+-----
Dodging        | 3 |  3.0
Fighting       | |  3.2
Long Blades    | |  3.6
Stealth        | |  1.7

Action                   || total
-------------------------++-------
Melee: Falchion          ||    38
       Tailslap          ||     5
Throw: Boomerang         ||    11
 Stab: Sleeping          ||     1
Armor: Skin              ||    14
Dodge: Dodged            ||    25

Table legend: (Time is in decaauts)
 A = Elapsed time spent in this place.
 B = Non-inter-level travel time spent in this place.
 C = Inter-level travel time spent in this place.
 D = Time resting spent in this place.
 E = Time spent auto-exploring this place.
 F = Levels seen in this place.
 G = Mean time per level.
                   A        B        C        D        E       F      G
               +--------+--------+--------+--------+--------+-----+--------+
         Total |    591 |    591 |      0 |      0 |    476 |   1 |  591.0 |
       Dungeon |    591 |    591 |      0 |      0 |    476 |   1 |  591.0 |
               +--------+--------+--------+--------+--------+-----+--------+

Top non-repeatable levels by time:
     D:1: 591 daAuts
